 Dungeon Crawl Stone Soup version 0.22.0-27-ga576289 (webtiles) character file.

452 Monsterracer the Ruffian (level 6, -2/61 HPs)
             Began as a Troll Enchanter on Aug 21, 2018.
             Slain by an orc priest
             ... wielding a +0 flail
              (10 damage)
             ... on level 4 of the Dungeon.
             The game lasted 00:02:51 (2675 turns).

Monsterracer the Ruffian (Troll Enchanter)          Turns: 2675, Time: 00:02:51

Health: -2/61      AC:  6    Str: 18    XL:     6   Next: 75%
Magic:  6/6        EV: 15    Int: 11    God:
Gold:   178        SH:  0    Dex: 11    Spells: 6/7 levels left

rFire    + . .     SeeInvis .     - Unarmed
rCold    + . .     Gourm    +   (no shield)
rNeg     + . .     Faith    .   b - +1 robe
rPois    .         Spirit   .   (helmet restricted)
rElec    .         Reflect  .   l - scarf {rC+ rF+}
rCorr    .         Harm     .   (gloves unavailable)
MR       .....                  (boots unavailable)
Stlth    ++........             (no amulet)
HPRegen  0.60/turn              i - ring of positive energy
MPRegen  0.10/turn              m - +5 ring of evasion

@: no status effects
A: large, unfitting armour, claws 3, fast metabolism 3, gourmand, regeneration
1, shaggy fur 1, tough skin 2
a: no special abilities


You were on level 4 of the Dungeon.
You were completely stuffed.

You visited 1 branch of the dungeon, and saw 4 of its levels.

You collected 178 gold pieces.

Inventory:

Armour
 b - a +1 robe (worn)
 l - a scarf of resistance (worn)
Jewellery
 i - a ring of positive energy (left claw)
 m - a +5 ring of evasion (right claw)
Scrolls
 k - 2 scrolls of remove curse
Potions
 a - a potion of brilliance
 d - a potion of flight
 e - a potion of haste {unknown}
 f - 2 potions of magic
 g - a potion of mutation {!q}
 h - a potion of agility {unknown}
 j - a potion of curing {unknown}
Comestibles
 c - 4 rations


   Skills:
 + Level 3.1 Fighting
   Level 0.7 Short Blades
 - Level 1.5 Dodging
 - Level 1.5 Stealth
 * Level 5.6 Unarmed Combat
 - Level 1.2 Spellcasting
 - Level 2.0 Hexes


You had 6 spell levels left.
You knew the following spells:

 Your Spells              Type           Power        Failure   Level  Hunger
a - Corona                Hex            #......      14%         1    ##.....

Your spell library contained the following spells:

 Spells                   Type           Power        Failure   Level  Hunger
 Ensorcelled Hibernation  Hex/Ice        #.....       32%         2    ###....
 Confuse                  Hex            #.......     38%         3    ####...
 Tukima's Dance           Hex            #.......     38%         3    ####...
 Dazzling Spray           Conj/Hex       #.....       54%         3    ####...


Dungeon Overview and Level Annotations

Branches:
Dungeon (4/15)
 Temple: D:4-7

Altars:
Okawaru
Qazlal

Shops:
D:4 [


Innate Abilities, Weirdness & Mutations

You are too large for most types of armour.
You have claws for hands.
Your metabolism is lightning-fast.
You like to eat raw meat.
Your natural rate of healing is unusually fast.
You are covered in fur. (AC +1)
You have very tough skin. (AC +2)


Message History

Key pressed, stopping explore.
No target in view!
You open the door.
There is an open door here.
There is an open door here.
A giant cockroach comes into view.
A giant cockroach is nearby!
You completely miss the giant cockroach.
The giant cockroach bites you.
A giant cockroach is nearby!
You take 1 damage, and have 60/61 hp.
You claw the giant cockroach!
You kill the giant cockroach!
Health restored: 61 An orc and an orc priest come into view.
There are monsters nearby!
The orc priest shouts!
The orc shouts!
You hear a shout! x2
An orc comes into view. It is wielding a flail.
The orc priest mumbles some strange prayers to Beogh against you.
Pain shoots through your body!
The orc moves out of view.
An orc comes into view. It is wielding a hand axe.
There are monsters nearby!
You scratch the orc priest but do no damage.
You take 2 damage, and have 59/61 hp.
You barely miss the orc priest.
The orc priest hits you but does no damage.
You closely miss the orc priest. The orc priest hits you with a whip.
You scratch the orc priest. Your claw misses the orc priest.
The orc priest is heavily wounded.
The orc priest hits you but does no damage.
You barely miss the orc priest.
The orc priest is heavily wounded.
Health restored: 61 An orc priest comes into view.
It is wielding a flail.
The orc priest hits you with a whip.
You completely miss the orc priest.
The orc priest is heavily wounded.
The orc priest misses you. The orc closely misses you.
You take 1 damage, and have 60/61 hp.
The orc shouts!
You claw the orc priest!
You kill the orc priest!
The orc priest mumbles some strange prayers to Beogh against you.
Beogh smites you! The orc completely misses you.
You take 13 damage, and have 47/61 hp.
MASSIVE DAMAGE!!
You barely miss the orc. You closely miss the orc. The orc barely misses you.
You barely miss the orc. The orc misses you.
You barely miss the orc. The orc barely misses you.
You barely miss the orc.
The orc priest mumbles some strange prayers to Beogh against you.
Beogh smites you! The orc misses you.
You take 13 damage, and have 36/61 hp.
MASSIVE DAMAGE!!
You closely miss the orc. The orc hits you but does no damage.
You claw the orc!
You kill the orc!
The orc priest invokes the aid of Beogh against you.
Beogh smites you!
* * * LOW HITPOINT WARNING * * *
You take 12 damage, and have 25/61 hp.
You mangle the orc!!
You kill the orc!
You barely miss the orc. Your claw misses the orc. The orc closely misses you.
The orc priest miscasts a cantrip.
You closely miss the orc. The orc misses you.
Unknown command.
You barely miss the orc. The orc hits you but does no damage.
Unknown command.
You scratch the orc.
The orc is heavily wounded.
The orc hits you with a short sword.
* * * LOW HITPOINT WARNING * * *
You claw the orc!
You kill the orc!
Unknown command.
You scratch the orc priest.
The orc priest is lightly wounded.
The orc priest closely misses you.
You scratch the orc priest.
The orc priest is heavily wounded.
The orc priest hits you with a flail.
* * * LOW HITPOINT WARNING * * *
You take 5 damage, and have 23/61 hp.
You scratch the orc priest.
The orc priest is severely wounded.
The orc priest mumbles some strange prayers to Beogh against you.
Beogh smites you!
* * * LOW HITPOINT WARNING * * *
You take 11 damage, and have 12/61 hp.
You barely miss the orc priest.
The orc priest is severely wounded.
The orc priest hits you with a flail.
* * * LOW HITPOINT WARNING * * *
You take 6 damage, and have 6/61 hp.
You barely miss the orc priest.
The orc priest is severely wounded.
You scratch the orc priest.
The orc priest is severely wounded.
The orc priest hits you with a flail!
You die...

#############
##........@o.#
##..##..#.)##..#
#..##..###..#
..#
######.###..#
#..# .# ....##.#
#.## ##.# #
.......# ## ##
.<.....#
....##..#
....##..#


You could see an orc priest.

Vanquished Creatures
  A scorpion (D:4)
  A howler monkey (D:3)
  A hound (D:4)
  A centaur skeleton (D:4)
  An orc priest (D:4)
  A bullfrog skeleton (D:4)
  Terence (D:3)
  A worker ant (D:3)
  An orc wizard (D:3)
  6 adders
  An ooze (D:2)
  2 worms (D:4)
  3 dart slugs
  4 leopard geckos
  8 orcs
  12 bats
  10 giant cockroaches
  4 goblins (D:2)
  10 hobgoblins
  3 jackals (D:2)
  3 quokkas
  6 frilled lizards
  10 kobolds
  12 rats
103 creatures vanquished.

Notes
Turn   | Place    | Note
-------+----------+-------------------------------------------
     0 | D:1      | Monsterracer the Troll Enchanter began the quest for the Orb.
     0 | D:1      | Reached XP level 1. HP: 16/16 MP: 1/1
    96 | D:1      | Reached skill level 1 in Unarmed Combat
   105 | D:1      | Reached XP level 2. HP: 23/26 MP: 2/2
   275 | D:1      | Reached skill level 2 in Unarmed Combat
   281 | D:1      | Reached skill level 1 in Fighting
   480 | D:1      | Reached XP level 3. HP: 33/33 MP: 3/3
   996 | D:2      | Found an iron altar of Okawaru.
  1143 | D:2      | Reached skill level 3 in Unarmed Combat
  1162 | D:2      | Reached XP level 4. HP: 41/41 MP: 4/4
  1206 | D:2      | Found a stormy altar of Qazlal.
  1719 | D:3      | Noticed Terence
  1729 | D:3      | Killed Terence
  1778 | D:3      | Reached XP level 5. HP: 46/49 MP: 5/5
  1822 | D:3      | Reached skill level 4 in Unarmed Combat
  1905 | D:3      | HP: 23/49 [something/magic dart (3)]
  1913 | D:3      | HP: 19/49 [something/puff of flame (7)]
  1919 | D:3      | HP: 17/50 [orc/mace (4)]
  2358 | D:4      | Reached XP level 6. HP: 54/59 MP: 6/6
  2405 | D:4      | Reached skill level 5 in Unarmed Combat
  2456 | D:4      | Found Kacadeze's Armour Boutique.
  2663 | D:4      | HP: 25/61 [orc priest/divine providence (12)]
  2668 | D:4      | HP: 27/61 [orc/short sword (1)]
  2672 | D:4      | HP: 12/61 [orc priest/divine providence (12)]
  2675 | D:4      | Slain by an orc priest

Skill      XL: |  1  2  3  4  5  6 |
---------------+-------------------+-----
Unarmed Combat | 1 2 3 4 5 |  5.6
Fighting       | 1 2 3 |  3.1
Short Blades   | |  0.7
Dodging        | |  1.5
Stealth        | |  1.5
Spellcasting   | |  1.2
Hexes          | |  2.0

Action                   |  1- 3 |  4- 6 || total
-------------------------+-------+-------++-------
Melee: Unarmed           |   142 |   228 ||   370
       Punch             |       |     2 ||     2
  Use: Scroll            |     6 |     3 ||     9
 Stab: Sleeping          |     2 |     7 ||     9
  Eat: Chunk             |    16 |    14 ||    30
Armor: Robe              |    79 |    76 ||   155
Dodge: Dodged            |    98 |   121 ||   219

Vault maps used:
D:1:      dpeg_arrival_water_temple_mockup, minmay_tree_intersection,
          minivault_14
D:2:      grunt_qazlal_clouds, okawaru_gym_becter
D:3:      first_ration, uniq_terence
D:4:      gammafunk_temple_overflow_claw, serial_shops, shop,
          kennysheep_small_square
